 Dungeon Crawl Stone Soup version 0.14-a0-629-g748cab2 (webtiles) character file.

579 PolkaDot the Jinx (level 6, -2/41 HPs)
             Began as a Vampire Enchanter on Nov 5, 2013.
             Was a Follower of Makhleb.
             Slain by an ogre
             ... wielding a +0,+0 giant club
              (12 damage)
             ... on Level 4 of the Dungeon.
             The game lasted 00:12:22 (2270 turns).

PolkaDot the Jinx (Vampire Enchanter)               Turns: 2270, Time: 00:12:22

HP  -2/41        AC  4     Str  7      XL: 6   Next: 73%
MP   4/11        EV 12     Int 18      God: Makhleb [*.....]
Gold 131         SH  0     Dex 15      Spells:  2 memorised,  4 levels left

Res.Fire  : . . .   See Invis. : +   a - +1 dagger
Res.Cold  : . . .   Warding    : .   j - +1 robe
Life Prot.: . . .   Conserve   : .   (no shield)
Res.Poison: .       Res.Corr.  : .   (no helmet)
Res.Elec. : .       Clarity    : .   v - +0 cloak
Sust.Abil.: . .     Spirit.Shd : .   (no gloves)
Res.Mut.  : .       Stasis     : .   (no boots)
Res.Rott. : .       Flight     : .   (no amulet)
Saprovore : . . .                    (no ring)
                                     (no ring)

@: regenerating quickly, slightly resistant to hostile enchantments, quite
stealthy
A: bottle blood, fangs 3, see invisible, unbreathing
a: Bottle Blood, Renounce Religion


You were on level 4 of the Dungeon.
You worshipped Makhleb.
Makhleb was aware of your devotion.
You were full.

You visited 1 branch of the dungeon, and saw 4 of its levels.

You collected 131 gold pieces.

Inventory:

Hand weapons
 a - a +1,+1 dagger (weapon)
 b - a +0,+0 elven short sword
Missiles
 d - 11 darts (quivered)
Armour
 j - a +1 robe (worn)
 v - a +0 cloak (worn)
Magical devices
 e - a wand of flame (0)
 k - a wand of frost (12) {unknown}
 q - a wand of random effects (14) {unknown}
Scrolls
 g - a scroll of fear {unknown}
 h - a scroll of teleportation {unknown}
 i - 2 scrolls of amnesia {unknown}
 l - 4 scrolls of identify {unknown}
 m - 2 scrolls of remove curse {unknown}
 o - a scroll of enchant armour {unknown}
 p - 2 scrolls of recharging {unknown}
 t - a scroll of enchant weapon I {unknown}
Potions
 f - a potion of curing
 r - 3 potions of poison {unknown}
Books
 c - a book of Maledictions

   Spells                             Type                      Level
   *Corona                            Hexes                        1
   Sure Blade                         Hexes/Charms                 2
   Ensorcelled Hibernation            Hexes/Ice                    2
   *Confuse                           Hexes                        3
   Enslavement                        Hexes                        4
   Invisibility                       Hexes                        6
 n - a book of Changes

   Spells                             Type                      Level
   Beastly Appendage                  Transmutation                1
   Sticks to Snakes                   Transmutation                2
   Spider Form                        Transmutation/Poison         3
   Ice Form                           Ice/Transmutation            4
   Blade Hands                        Transmutation                5


   Skills:
 - Level 3.4 Short Blades
 - Level 0.7 Throwing
 - Level 2.1 Dodging
 + Level 5.8 Stealth
 + Level 1.6 Spellcasting
 * Level 8.7 Hexes


You had 4 spell levels left.
You knew the following spells:

 Your Spells              Type           Power        Failure   Level  Hunger
A - Corona                Hex            ####...      1%          1    #......
C - Confuse               Hex            ####....     1%          3    ####...


Dungeon Overview and Level Annotations

Branches:
Dungeon (4/27)
 Temple: D:4-7

Altars:
Makhleb
Yredelemnul


Innate Abilities, Weirdness & Mutations

Your natural rate of healing is unusually fast.
You can bottle blood from corpses.
You have razor-sharp teeth.*
You have supernaturally acute eyesight.
You can survive without breathing.*


Message History

Confirm with . or Enter, or press ? or * to list all spells.
Aiming: Confuse
Press: ? - help, Shift-Dir - straight line, f/p - ogre
Aim: an ogre, wielding a giant club (severely wounded)
The ogre resists with some effort.
Casting: Confuse
Confirm with . or Enter, or press ? or * to list all spells.
Aiming: Confuse
Press: ? - help, Shift-Dir - straight line, f/p - ogre
Aim: an ogre, wielding a giant club (severely wounded)
The ogre appears confused.
The ogre covers its eyes.
The ogre hits you with a giant club!
* * * LOW HITPOINT WARNING * * *
Things that are here:
an orcish dagger; an orcish leather armour; an orc corpse You hit the ogre.
The ogre is severely wounded.
The ogre hits you with a giant club!
You die...

####### #.#<@O..#
##.#####.#
.........#
.........#
..........#####....
#####.............
#...######.... ###
#...# ... #...#


You could see an ogre (confused).

Vanquished Creatures
  Grinder (D:3)
  A giant goldfish zombie (D:3)
  A hound (D:4)
  11 adders
  A big fish zombie (D:3)
  A giant gecko (D:1)
  An ooze (D:1)
  2 orcs (D:4)
  4 giant cockroaches
  9 hobgoblins
  9 bats
  A giant newt (D:3)
  5 goblins
  5 kobolds
  A rat (D:2)
  A rat skeleton (D:3)
54 creatures vanquished.

Notes
Turn   | Place    | Note
--------------------------------------------------------------
     0 | D:1      | PolkaDot, the Vampire Enchanter, began the quest for the Orb.
     0 | D:1      | Reached XP level 1. HP: 13/13 MP: 4/4
   128 | D:1      | Reached XP level 2. HP: 17/19 MP: 5/5
   647 | D:2      | Reached XP level 3. HP: 20/24 MP: 4/6
   711 | D:2      | Found a burning altar of Makhleb.
   711 | D:2      | Noticed a green death
   714 | D:2      | Noticed a hellwing
   714 | D:2      | Noticed a hellwing
   716 | D:2      | Became a worshipper of Makhleb the Destroyer
   819 | D:2      | Reached skill level 5 in Hexes
   855 | D:2      | Learned a level 3 spell: Confuse
  1175 | D:3      | Noticed Grinder
  1216 | D:3      | Killed Grinder
  1216 | D:3      | Reached skill level 5 in Stealth
  1216 | D:3      | Reached skill level 7 in Hexes
  1216 | D:3      | Reached XP level 4. HP: 6/30 MP: 5/8
  1216 | D:3      | Reached XP level 5. HP: 7/35 MP: 5/9
  1216 | D:3      | Reached XP level 6. HP: 8/41 MP: 5/10
  1327 | D:3      | Reached skill level 8 in Hexes
  1958 | D:3      | Found a basalt altar of Yredelemnul.
  2057 | D:3      | Acquired Makhleb's first power
  2270 | D:4      | Slain by an ogre

Action                   |  1- 3 |  4- 6 || total
-------------------------+-------+-------++-------
Melee: Dagger            |    68 |     6 ||    74
       Short sword       |    73 |   109 ||   182
Throw: Dart              |     4 |       ||     4
 Cast: Corona            |     6 |       ||     6
       Confuse           |     7 |    16 ||    23
  Use: Potion            |     7 |     1 ||     8
 Stab: Sleeping          |     5 |     8 ||    13
       Confused          |     3 |     5 ||     8
